 Dungeon Crawl Stone Soup version 0.26-a0-8-gc4d20be10f (webtiles) character file.

Game seed: 395394373288773075, levelgen mode: deterministic

1061 Flugkiller the Digger (level 8, -2/50 HPs)
             Began as an Octopode Earth Elementalist on May 23, 2020.
             Was a Follower of Ashenzari.
             Shot with an arrow by a centaur (15 damage)
             ... on level 5 of the Dungeon on May 24, 2020.
             The game lasted 00:18:25 (5944 turns).

Flugkiller the Digger (Octopode Earth Elementalist) Turns: 5944, Time: 00:18:27

Health: -2/50      AC:  1    Str: 13    XL:     8   Next: 27%
Magic:  16/21      EV: 16    Int: 18    God:    Ashenzari [*.....]
Gold:   254        SH:  0    Dex: 14    Spells: 4/13 levels left

rFire    . . .     SeeInvis .   A - -1 morningstar (curse)
rCold    . . .     Gourm    .   (no shield)
rNeg     . . .     Faith    .   (helmet restricted)
rPois    +         Spirit   .   (no amulet)
rElec    .         Reflect  .   x - ring of poison resistance (curse)
rCorr    +         Harm     .   g - ring of resist corrosion
MR       .....                  v - ring of magical power (curse)
Stlth    +++++.....             p - ring of stealth (curse)
HPRegen  0.16/turn              l - +6 ring of strength
MPRegen  0.17/turn              (no ring)
                                (no ring)
                                (no ring)

@: no status effects
A: almost no armour, stealthy swim, amphibious, 8 rings, constrict 8, camouflage
1, gelatinous body 1
a: Curse Item, Scrying, Renounce Religion


You were on level 5 of the Dungeon.
You worshipped Ashenzari.
Ashenzari was aware of your devotion.
You were near starving.

You visited 1 branch of the dungeon, and saw 6 of its levels.

You collected 254 gold pieces.

Inventory:

Hand Weapons
 f - a +4 rapier
   (You found it on level 4 of the Dungeon)
 y - a +1 flail of protection
   (You took it off an orc on level 4 of the Dungeon)
 A - a cursed -1 morningstar (weapon)
   (You found it on level 5 of the Dungeon)
Missiles
 b - 90 stones
 e - 5 boomerangs (quivered)
 m - 2 curare-tipped darts
 n - 39 poisoned darts
 s - 5 javelins
Jewellery
 g - a ring of resist corrosion (right tentacle)
   (You found it on level 1 of the Dungeon)
 l - a +6 ring of strength (on tentacle)
   (You found it on level 1 of the Dungeon)
 p - a cursed ring of stealth (on tentacle)
   (You found it on level 3 of the Dungeon)
 v - a cursed ring of magical power (on tentacle)
   (You found it on level 6 of the Dungeon)
 x - a cursed ring of poison resistance (left tentacle)
   (You found it on level 6 of the Dungeon)
 B - an uncursed amulet of magic regeneration
   (You found it on level 5 of the Dungeon)
Wands
 r - a wand of polymorph (6)
   (You found it on level 3 of the Dungeon)
Scrolls
 i - 2 scrolls of teleportation {unknown}
 j - a scroll of enchant armour
 o - a scroll of magic mapping {unknown}
 q - 2 scrolls of fog
 t - a scroll of fear
 w - 2 scrolls of immolation
 z - a scroll of random uselessness {unknown}
Potions
 a - a potion of stabbing
 d - a potion of haste
 h - 2 potions of heal wounds
 k - 5 potions of curing
Comestibles
 c - 9 rations


   Skills:
 - Level 2.0 Fighting
 - Level 5.0 Dodging
 - Level 5.0 Stealth
 - Level 3.1 Spellcasting
 - Level 3.0 Conjurations
   Level 1.0 Transmutations
 + Level 6.5 Earth Magic


You had 4 spell levels left.
You knew the following spells:

 Your Spells              Type           Power        Failure   Level  Hunger
a - Sandblast             Erth           ####..       1%          1    None
b - Stone Arrow           Conj/Erth      ###...       7%          3    ###....
c - Lee's Rapid Deconstr  Erth           ####......   30%         5    ######.

Your spell library contained the following spells:

 Spells                   Type           Power        Failure   Level  Hunger
 Passwall                 Tmut/Erth      ###.....     4%          2    ##.....
 Corona                   Hex            #......      16%         1    None
 Ensorcelled Hibernation  Hex/Ice        #.....       24%         2    ##.....
 Dazzling Flash           Conj/Hex       #.....       26%         3    ###....
 Petrify                  Tmut/Erth      ###.....     32%         4    ####...
 Confusing Touch          Hex            #.......     43%         3    ###....
 Tukima's Dance           Hex            #.......     43%         3    ###....


Dungeon Overview and Level Annotations

Branches:
Dungeon (6/15)
 Temple: D:4-7

Altars:
Ashenzari
Zin

Annotations:
D:4 exclusion: ogre
D:5 exclusion: centaur


Innate Abilities, Weirdness & Mutations

You cannot wear most types of armour.
You are very stealthy in the water. (Stealth+)
You are amphibious.
You can wear up to eight rings at the same time.
You can use your tentacles to constrict eight enemies at once.
Your skin changes colour to match your surroundings (Stealth+).
Your rubbery body absorbs attacks. (AC +1, EV +1)


Message History

Really walk into a travel-excluded area?
Casting: Stone Arrow (dangerous; 7% risk of failure)
Confirm with . or Enter, or press ? or * to list all spells.
Aiming: Sandblast (safe; 1% risk of failure)
Press: ? - help, Shift-Dir - straight line, f - centaur
Aim: a centaur, quivering 28 arrows (asleep)
The blast of sand hits the centaur!
The centaur is moderately wounded.
The centaur shouts!
b - 94 stones The centaur wields a +0 shortbow.
The centaur shoots an arrow.
The arrow hits you!
Casting: Sandblast (safe; 1% risk of failure)
Confirm with . or Enter, or press ? or * to list all spells.
Aiming: Sandblast (safe; 1% risk of failure)
Press: ? - help, Shift-Dir - straight line, f/p - centaur
Aim: a centaur, wielding a +0 shortbow and quivering 27 arrows (moderately wounded)
The blast of sand hits the centaur!
The centaur is severely wounded.
b - 93 stones The centaur shoots an arrow.
The arrow closely misses you.
Casting: Sandblast (safe; 1% risk of failure)
Confirm with . or Enter, or press ? or * to list all spells.
Aiming: Sandblast (safe; 1% risk of failure)
Press: ? - help, Shift-Dir - straight line, f/p - centaur
Aim: a centaur, wielding a +0 shortbow and quivering 26 arrows (severely wounded)
The blast of sand hits the centaur but does no damage.
The centaur is severely wounded.
b - 92 stones The centaur shoots an arrow.
The arrow misses you.
The centaur shoots an arrow.
The arrow hits you!
Casting: Sandblast (safe; 1% risk of failure)
Confirm with . or Enter, or press ? or * to list all spells.
Aiming: Sandblast (safe; 1% risk of failure)
Press: ? - help, Shift-Dir - straight line, f/p - centaur
Aim: a centaur, wielding a +0 shortbow and quivering 24 arrows (severely wounded)
The blast of sand hits the centaur.
The centaur is severely wounded.
b - 91 stones The centaur shoots an arrow.
The arrow hits you!
* * * LOW HITPOINT WARNING * * *
Casting: Sandblast (safe; 1% risk of failure)
Confirm with . or Enter, or press ? or * to list all spells.
Aiming: Sandblast (safe; 1% risk of failure)
Press: ? - help, Shift-Dir - straight line, f/p - centaur
Aim: a centaur, wielding a +0 shortbow and quivering 23 arrows (severely wounded)
The blast of sand misses the centaur.
b - 90 stones The centaur shoots an arrow.
The arrow hits you!
You die...

.....)........># #.# #.#
###.....###....# #.# #.#
#.....# #....# #.# #.#
###.....###[...# #.# #.#
..#.....#......######.#######.#
#.#.....#.....................#
......### ...c.######.#######.#
......# #.#..######.# ###
......# #.....@...#.#
......#######...###.#.#
...........###..# #.#.#
#.#.........##..# #.#.#
#.#....._...###'###.#.#
#.####...........##.#.# #.#
#...........##.#.# #.#
##..#.......##.#.# #.#
##.........##.#.#


You could see a centaur.

Vanquished Creatures
  A phantom (D:4)
  2 ogres
  A bullfrog (D:6)
  A scorpion (D:6)
  5 crimson imps
  A bullfrog zombie (D:5)
  A centaur zombie (D:2)
  2 orc priests
  3 hounds
  An orc wizard (D:4)
  Jessica (D:2)
  4 worker ants
  Robin (D:2)
  5 adders
  2 shadow imps (D:6)
  An adder skeleton (D:5)
  2 worms
  A dart slug (D:1)
  2 leopard geckos (D:2)
  8 orcs
  5 bats
  6 giant cockroaches
  12 goblins
  10 hobgoblins
  2 jackals (D:3)
  A quokka (D:5)
  2 ball pythons
  6 frilled lizards
  4 kobolds
  A rat (D:1)
94 creatures vanquished.

Notes
Turn   | Place    | Note
-------+----------+-------------------------------------------
     0 | D:1      | Flugkiller the Octopode Earth Elementalist began the quest
                  | for the Orb.
     0 | D:1      | Reached XP level 1. HP: 11/11 MP: 3/3
   410 | D:1      | Reached XP level 2. HP: 17/17 MP: 5/5
  1417 | D:2      | Reached skill level 4 in Earth Magic
  1505 | D:2      | Reached XP level 3. HP: 20/21 MP: 6/6
  1526 | D:2      | Reached XP level 4. HP: 4/27 MP: 3/7
  1870 | D:2      | Noticed Jessica
  1890 | D:2      | Killed Jessica
  1890 | D:2      | Reached skill level 5 in Earth Magic
  2224 | D:2      | Reached skill level 1 in Fighting
  2224 | D:2      | Noticed Robin
  2246 | D:2      | Killed Robin
  2298 | D:2      | Learned a level 3 spell: Stone Arrow
  2449 | D:2      | Reached XP level 5. HP: 33/33 MP: 5/8
  2634 | D:2      | Upgraded the game from 0.25-a0-1137-g7f6bfe439b to
                  | 0.26-a0-8-gc4d20be10f
  3044 | D:3      | Reached skill level 1 in Conjurations
  3307 | D:3      | You fall into a shaft and drop 3 floors!
  3501 | D:6      | Reached XP level 6. HP: 38/38 MP: 8/10
  3552 | D:6      | Reached skill level 5 in Stealth
  3832 | D:6      | Reached XP level 7. HP: 43/43 MP: 5/11
  3909 | D:5      | Entered Level 5 of the Dungeon
  3915 | D:5      | Found a shattered altar of Ashenzari.
  3982 | D:5      | Became a worshipper of Ashenzari the Shackled
  4366 | D:4      | Reached skill level 6 in Earth Magic
  4377 | D:4      | Learned a level 5 spell: Lee's Rapid Deconstruction
  4843 | D:4      | Found a glowing silver altar of Zin.
  5040 | D:5      | Reached XP level 8. HP: 47/50 MP: 12/12
  5135 | D:5      | Reached skill level 5 in Dodging
  5483 | D:5      | Reached * piety under Ashenzari
  5944 | D:5      | Shot with an arrow by a centaur

Illustrated notes

Levels and vault maps discovered:
D:1:      wheals_arrival_linesprint, layout_basic
D:2:      layout_rooms, chequers_serial_rivers_large_a, nrook_mini_vaults,
          minmay_misc_feat_rows, kennysheep_generic_room_6, uniq_jessica,
          uniq_robin
D:3:      layout_rooms, first_ration
D:4:      layout_cave_pools, old_standard_altar
D:5:      layout_basic, basic_altar, glass_columns_b
D:6:      layout_loops_ring, lemuel_doored_altar, minmay_misc_feat_columns,
          minmay_starry_boxes

Skill      XL: |  1  2  3  4  5  6  7  8 |
---------------+-------------------------+-----
Stealth        | 3 5 |  5.0
Earth Magic    | 4 5 6 |  6.5
Fighting       | 1 2 |  2.0
Spellcasting   | 3 |  3.1
Conjurations   | 2 3 |  3.0
Dodging        | 3 4 5 |  5.0
Transmutations | |  1.0

Action                   |  1- 3 |  4- 6 |  7- 9 || total
-------------------------+-------+-------+-------++-------
Melee: Unarmed           |    22 |       |       ||    22
       Constrict         |     7 |    22 |    15 ||    44
       Tentacles         |     3 |     9 |    12 ||    24
       Dagger            |     3 |    43 |       ||    46
       Mace              |       |    29 |     2 ||    31
       Morningstar       |       |       |    43 ||    43
Throw: Boomerang         |    28 |    49 |       ||    77
 Cast: Sandblast         |    15 |    42 |    16 ||    73
       Stone Arrow       |       |     3 |    12 ||    15
Invok: Curse Item        |       |       |     3 ||     3
  Use: Scroll            |     2 |     2 |     4 ||     8
       Potion            |     1 |     1 |       ||     2
 Stab: Sleeping          |     1 |     2 |     4 ||     7
  Eat: Chunk             |     2 |     4 |     6 ||    12
       Ration            |       |     1 |       ||     1
Armor: Skin              |     6 |     9 |     1 ||    16
Dodge: Dodged            |    26 |    57 |    29 ||   112

Table legend:
 A = Non-vault XP
 B = Vault XP
 C = Vault XP percentage of total XP
 D = Non-vault monster count
 E = Vault monster count
 F = Vault count percentage of total count
                 A         B        C        D         E       F
            +---------+---------+-------+---------+---------+-------
      Total |    1341 |     176 |  11.6 |      75 |      19 |  20.2
            +---------+---------+-------+---------+---------+-------
        D:1 |      15 |       0 |   0.0 |       7 |       0 |   0.0
        D:2 |      84 |      76 |  47.5 |      17 |      15 |  46.9
        D:3 |      79 |       0 |   0.0 |      19 |       0 |   0.0
        D:4 |     346 |       0 |   0.0 |      10 |       0 |   0.0
        D:5 |     400 |       0 |   0.0 |      14 |       0 |   0.0
        D:6 |     417 |     100 |  19.3 |       8 |       4 |  33.3
            +---------+---------+-------+---------+---------+-------
